Map: Year Zero LE

Players

Lambo - Winner!

  • Race: Zerg Zerg
  • Spawn Location: 1:00

Trap

  • Race: Protoss Protoss
  • Spawn Location: 11:00

Event: IEM Season 13: Katowice (2019)

VOD

Have the link to the VOD?

Description

Time

  • Played on: Feb. 28, 2019, 1:54 p.m.
  • Length: 18:07

All games in this series

Show
View Real Time Build Order
Export as new Build Order

Lambo Zerg - Winner!

Build Orders: Hatch First, Swarm Host 

Get SALT Encoding   

  12  0:00  Drone  
  13  0:13  Overlord  
  13  0:17  Drone  
  14  0:31  Drone x2  
  16  0:49  Hatchery  
  15  0:53  Drone  
  15  0:56  Drone  
  17  1:00  Drone  
  18  1:10  Extractor  
  17  1:16  Spawning Pool  
  16  1:18  Drone  
  16  1:22  Drone  
  18  1:28  Drone  
  19  1:39  Drone  
  20  1:54  Overlord  
  20  2:03  Queen x2  
  20  2:04  Zergling x4  
  26  2:14  Metabolic Boost  
  26  2:15  Drone  
  27  2:17  Drone  
  28  2:26  Drone x2  
  30  2:41  Hatchery  
  30  2:42  Drone  
  30  2:45  Drone  
  30  2:47  Drone  
  32  2:56  Overlord  
  32  2:57  Drone x2  
  34  3:03  Queen  
  35  3:14  Drone x2  
  35  3:15  Drone x2  
  35  3:16  Zergling x2  
  35  3:18  Zergling x4  
  42  3:23  Overlord  
  42  3:25  Drone  
  43  3:33  Overlord  
  43  3:50  Queen  
  43  3:51  Spore Crawler, Drone  
  43  3:52  Drone x5  
  50  3:56  Drone  
  50  3:57  Zergling x2  
  52  4:05  Drone  
  52  4:08  Overlord  
  51  4:10  Drone, Spore Crawler  
  51  4:14  Drone  
  51  4:17  Drone x2  
  51  4:18  Drone x2  
  51  4:19  Overlord  
  51  4:20  Drone x2  
  51  4:22  Drone  
  57  4:29  Roach Warren  
  56  4:31  Queen  
  56  4:32  Overlord  
  56  4:34  Drone  
  56  4:36  Drone  
  59  4:40  Lair  
  59  4:42  Drone x2  
  59  4:43  Zergling x2  
  62  4:50  Drone x2  
  62  4:54  Drone  
  62  4:57  Queen  
  65  5:00  Extractor, Drone x4  
  65  5:01  Extractor  
  65  5:05  Overlord  
  67  5:10  Drone x3  
  67  5:13  Evolution Chamber  
  69  5:15  Overlord  
  69  5:20  Overlord  
  71  5:21  Roach x4  
  71  5:28  Roach x2  
  81  5:33  Overlord  
  81  5:35  Roach x3, Overlord  
  87  5:39  Extractor, Zerg Missile Weapons Level 1  
  87  5:40  Extractor  
  87  5:42  Extractor  
  84  5:43  Drone x5  
  84  5:47  Drone  
  84  5:48  Infestation Pit  
  84  5:49  Drone  
  90  5:53  Drone  
  91  5:58  Drone x2  
  91  6:02  Drone x4  
  95  6:07  Queen x2  
  95  6:09  Drone  
  97  6:14  Spore Crawler  
  97  6:17  Drone x4  
  100  6:19  Queen  
  100  6:20  Glial Reconstitution  
  100  6:24  Spore Crawler  
  100  6:25  Drone  
  99  6:28  Drone x2  
  99  6:32  Drone  
  99  6:33  Drone  
  99  6:35  Drone  
  99  6:36  Drone  
  101  6:43  Drone x3  
  104  6:48  Spore Crawler  
  104  6:51  Nydus Network  
  102  7:03  Zergling x4  
  102  7:04  Overseer  
  102  7:05  Zergling x2  
  105  7:08  Swarm Host  
  105  7:09  Swarm Host x4  
  105  7:12  Overlord  
  105  7:15  Hydralisk Den  
  118  7:17  Swarm Host, Overlord  
  118  7:19  Overlord  
  118  7:21  Overlord  
  118  7:22  Overlord  
  121  7:27  Overlord  
  121  7:31  Drone x4  
  121  7:32  Swarm Host  
  121  7:37  Swarm Host x3  
  128  7:41  Swarm Host x2  
  141  7:46  Zerg Missile Weapons Level 2  
  141  7:49  Grooved Spines  
  141  7:50  Nydus Canal  
  141  7:53  Swarm Host x2  
  147  8:01  Swarm Host  
  147  8:05  Nydus Canal  
  150  8:11  Swarm Host x2  
  156  8:13  Overlord  
  156  8:15  Overlord  
  156  8:19  Nydus Canal  
  156  8:27  Swarm Host x3  
  156  8:30  Overlord  
  156  8:33  Overlord  
  165  8:41  Nydus Canal  
  165  8:43  Overlord  
  165  8:47  Hatchery  
  162  8:50  Swarm Host x4  
  162  8:51  Overlord  
  162  8:55  Swarm Host  
  172  9:00  Nydus Canal  
  172  9:02  Swarm Host  
  178  9:03  Overlord  
  178  9:10  Swarm Host x2  
  178  9:11  Overlord  
  184  9:19  Overlord  
  184  9:21  Swarm Host x2  
  190  9:24  Overlord, Nydus Canal  
  190  9:30  Overlord  
  187  9:41  Swarm Host x4  
  187  9:45  Swarm Host  
  193  9:49  Swarm Host  
  190  10:01  Nydus Canal  
  190  10:03  Swarm Host  
  190  10:04  Swarm Host  
  196  10:10  Swarm Host  
  199  10:14  Extractor  
  199  10:17  Extractor  
  199  10:20  Nydus Canal  
  193  10:22  Swarm Host x2  
  193  10:25  Drone x2  
  199  10:30  Overlord  
  199  10:41  Spore Crawler  
  198  10:43  Spore Crawler  
  198  10:49  Nydus Canal  
  197  10:50  Overlord  
  197  11:04  Hive  
  197  11:05  Muscular Augments, Spire  
  197  11:06  Nydus Canal  
  178  11:38  Hydralisk x10  
  196  11:44  Hydralisk, Spore Crawler  
  196  11:45  Hydralisk x3  
  196  11:47  Spore Crawler  
  196  11:49  Spore Crawler  
  196  11:50  Spore Crawler x2  
  196  11:51  Hydralisk x5, Spore Crawler, Nydus Canal  
  198  11:58  Zerg Ground Armor Level 1  
  194  12:24  Hydralisk x4  
  188  12:31  Hydralisk x5  
  188  12:35  Greater Spire  
  198  12:41  Nydus Canal  
  198  13:01  Nydus Canal  
  198  13:21  Nydus Canal  
  198  13:35  Nydus Canal  
  198  13:38  Drone  
  187  14:11  Hydralisk x4  
  177  14:19  Corruptor x7  
  177  14:20  Corruptor x3  
  177  14:23  Zergling x4  
  187  14:24  Zergling x2  
  187  14:25  Zergling x2  
  187  14:29  Pathogen Glands, Zerg Flyer Weapons Level 1  
  189  14:40  Overseer  
  189  14:42  Spore Crawler  
  189  14:43  Overseer  
  189  14:44  Pneumatized Carapace  
  188  14:51  Nydus Canal  
  188  15:03  Brood Lord x3  
  188  15:04  Brood Lord x3  
  200  15:08  Nydus Canal  
  200  15:15  Spore Crawler  
  200  15:17  Spore Crawler  
  196  15:27  Corruptor x5  
  199  15:31  Corruptor x2  
  191  15:36  Hydralisk  
  191  15:37  Hydralisk x3  
  199  15:43  Nydus Canal  
  187  16:06  Corruptor x2  
  187  16:07  Corruptor x2  
  185  16:22  Corruptor x5  
  182  16:26  Corruptor x4, Brood Lord  
  182  16:28  Hatchery  
  182  16:30  Nydus Canal  
  188  16:34  Corruptor x2  
  188  16:37  Brood Lord  
  194  16:42  Nydus Canal  
  192  16:56  Corruptor x3  
  196  17:04  Nydus Canal  
  196  17:05  Corruptor  
  198  17:29  Brood Lord  
Show
View Real Time Build Order
Export as new Build Order

Trap Protoss 

Build Orders: 1 Gate Expand, Oracle Opening, Phoenix Opening, Archon Immortal, Mass Phoenix 

Get SALT Encoding   

  12  0:00  Probe  
  13  0:12  Probe  
  14  0:20  Pylon  
  14  0:24  Probe  
  15  0:34  Probe  
  15  0:42  Probe  
  16  0:45  Gateway  
  17  0:50  Assimilator  
  17  0:52  Probe  
  18  1:04  Probe  
  19  1:18  Probe  
  20  1:27  Nexus  
  20  1:37  Cybernetics Core  
  20  1:40  Probe  
  21  1:48  Assimilator  
  21  1:52  Probe  
  22  1:57  Pylon  
  22  2:04  Probe  
  22  2:05  Adept  
  25  2:17  Probe  
  25  2:20  Stargate  
  26  2:27  Warp Gate  
  26  2:29  Probe  
  27  2:34  Adept  
  27  2:36  Probe  
  29  2:37  Probe  
  31  2:45  Probe x2  
  33  2:55  Probe x2  
  33  2:57  Phoenix  
  35  3:04  Adept  
  39  3:07  Probe  
  39  3:10  Probe  
  41  3:15  Pylon  
  42  3:20  Probe  
  42  3:22  Probe  
  42  3:26  Oracle  
  46  3:33  Probe  
  47  3:34  Probe  
  47  3:37  Gateway  
  48  3:41  Probe  
  48  3:46  Probe  
  49  3:49  Probe  
  49  3:50  Assimilator  
  49  3:51  Assimilator  
  50  3:57  Pylon  
  50  3:58  Probe  
  50  4:00  Probe, Stargate  
  52  4:10  Probe  
  52  4:12  Probe  
  52  4:20  Phoenix  
  52  4:23  Probe  
  53  4:24  Probe  
  56  4:31  Pylon  
  56  4:35  Probe  
  56  4:38  Zealot x2  
  61  4:40  Pylon  
  61  4:42  Phoenix  
  61  4:49  Phoenix  
  65  4:58  Nexus  
  65  5:00  Pylon  
  65  5:04  Phoenix  
  65  5:06  Phoenix  
  65  5:08  Probe x2  
  69  5:20  Robotics Facility  
  71  5:21  Robotics Facility  
  71  5:29  Zealot  
  71  5:30  Shield Battery, Phoenix  
  71  5:34  Probe x2  
  77  5:39  Phoenix  
  79  5:49  Forge  
  79  5:50  Probe x2  
  79  5:55  Phoenix  
  83  5:59  Pylon  
  83  6:05  Pylon  
  83  6:07  Phoenix  
  83  6:14  Probe x2, Observer  
  83  6:15  Probe  
  87  6:19  Pylon  
  87  6:20  Phoenix  
  87  6:23  Immortal  
  93  6:27  Probe x2  
  95  6:36  Assimilator x2  
  95  6:38  Immortal, Protoss Ground Weapons Level 1  
  95  6:41  Pylon  
  95  6:42  Probe x2  
  95  6:43  Probe  
  98  6:50  Immortal  
  102  7:00  Sentry, Zealot  
  106  7:04  Gateway  
  106  7:07  Gateway  
  106  7:08  Immortal  
  110  7:19  Pylon  
  114  7:23  Twilight Council  
  114  7:25  Probe x3  
  117  7:34  Sentry x2  
  121  7:38  Gateway  
  121  7:39  Gateway  
  121  7:41  Immortal  
  125  7:48  Immortal  
  133  8:01  Charge  
  133  8:02  Templar Archives  
  133  8:03  Probe x3  
  132  8:08  Sentry  
  132  8:09  Sentry, Zealot  
  132  8:10  Zealot  
  140  8:15  Photon Cannon  
  140  8:16  Photon Cannon  
  140  8:20  Photon Cannon  
  140  8:21  Immortal  
  136  8:34  Protoss Ground Weapons Level 2  
  136  8:41  Stalker x2  
  138  8:45  Pylon  
  138  8:46  Pylon  
  140  8:49  Pylon  
  140  8:54  Psionic Storm  
  140  8:56  Immortal  
  140  9:03  Gateway  
  140  9:04  Gateway  
  144  9:11  Immortal  
  140  9:29  Zealot x3  
  140  9:30  Zealot x3  
  152  9:31  Phoenix  
  152  9:32  Phoenix  
  152  9:42  Pylon x2  
  152  9:44  Pylon  
  156  9:55  High Templar x4  
  156  9:59  Archon x2  
  164  10:00  Zealot x2  
  154  10:08  Observer  
  154  10:09  Phoenix x2  
  152  10:15  Immortal  
  153  10:28  High Templar x2  
  157  10:37  Pylon  
  157  10:39  Pylon  
  157  10:43  High Templar  
  157  10:44  High Templar  
  157  10:47  Zealot x4  
  157  10:48  Protoss Ground Weapons Level 3  
  163  10:56  Immortal x2  
  163  11:20  Zealot x7  
  175  11:30  Pylon  
  171  11:35  Immortal, Warp Prism  
  153  11:51  Zealot x2  
  153  11:54  High Templar x3  
  153  11:55  High Templar  
  153  11:58  Archon  
  153  12:00  Archon  
  159  12:15  Zealot x4  
  165  12:17  Nexus  
  155  12:23  Observer  
  153  12:34  High Templar  
  153  12:35  High Templar x2  
  151  12:47  Pylon  
  150  12:52  Zealot x5  
  150  12:56  Observer  
  161  13:08  Photon Cannon  
  161  13:09  Photon Cannon  
  161  13:10  Zealot x3  
  167  13:33  Nexus  
  167  13:39  High Templar  
  167  13:40  High Templar x2  
  173  13:48  Archon  
  173  13:49  High Templar  
  173  13:54  Assimilator  
  173  13:55  Assimilator  
  153  14:30  Fleet Beacon  
  153  14:35  Photon Cannon  
  153  14:36  Nexus  
  153  14:37  Photon Cannon  
  153  14:39  Probe  
  153  14:40  Probe  
  155  14:52  Probe, Blink  
  148  15:14  Stalker x5  
  155  15:25  Tempest x2  
  147  15:50  Stargate  
  147  15:51  Protoss Air Weapons Level 1  
  147  15:59  Tempest  
  147  16:00  Tempest  
  138  16:21  Assimilator  
  138  16:22  Assimilator  
  138  16:34  Probe  
  138  16:35  Probe x2  
  141  16:45  Stalker x5  
  142  17:02  Pylon, High Templar x2  
  141  17:27  Nexus  
  121  17:49  Stalker x5  

Tags
 
Add a new tag
Caveats
  • Supply blocks, unpowered buildings, or Contaminate may cause inaccurate times.
  • Supply counts are checked every 10 seconds.